 Dungeon Sprint DCSS version 0.22.1-6-g1668fe2 (webtiles) character file.

143 doot the Nimble (level 5, -11/42 HPs)
             Began as a Felid Berserker on Jan 24, 2019.
             Was a Believer of Trog.
             Mangled by a centaur warrior (15 damage)
             ... in the Dungeon (Sprint I: "Red Sonja").
             The game lasted 00:00:58 (180 turns).

doot the Nimble (Felid Berserker)                    Turns: 180, Time: 00:00:58

Health: -11/42     AC:  2    Str: 20    XL:     5   Next: 4%
Magic:  6/6        EV: 26    Int:  8    God:    Trog [**....]
Gold:   176        SH:  0    Dex: 16    Spells: 4/4 levels left
                                        Lives:  0   Deaths: 1

rFire    . . .     SeeInvis +     - Unarmed
rCold    . . .     Gourm    .   (shield unavailable)
rNeg     . . .     Faith    .   (armour unavailable)
rPois    .         Spirit   .   (helmet unavailable)
rElec    .         Reflect  .   (cloak unavailable)
rCorr    .         Harm     .   (gloves unavailable)
MR       .....     NoTele   +   (boots unavailable)
Stlth    ..........             (no amulet)
HPRegen  0.14/turn              (no ring)
MPRegen  0.10/turn              (no ring)

@: berserking (expiring), very quick
A: very small, no armour, no weapons or thrown items, stealth, claws 1, fangs 3,
see invisible, carnivore, speed 1, shaggy fur 2, slow metabolism 1, sharp paws
a: Berserk, Trog's Hand, Renounce Religion


You were in the Dungeon.
You worshipped Trog.
Trog was pleased with you.
You were not hungry.

You visited 1 branch You collected 176 gold pieces.

Inventory:

Wands
 h - a wand of polymorph (13)
Scrolls
 g - a scroll of blinking
 j - 2 scrolls of identify {unknown}
Potions
 b - a potion of curing
 c - a potion of heal wounds
 d - a potion of haste
 e - 2 potions of magic
 f - a potion of berserk rage
 i - a potion of ambrosia {unknown}
Comestibles
 a - a ration


   Skills:
 + Level 7.5 Fighting
 + Level 10.0 Dodging
 + Level 8.4 Unarmed Combat


You had 4 spell levels left.
You didn't know any spells.
Your spell library was empty.

Dungeon Overview and Level Annotations

Branches:
Dungeon (1/1)

Altars:
Makhleb
Xom
Jiyva
Lugonu


Innate Abilities, Weirdness & Mutations

You cannot wear armour.
You are incapable of wielding weapons or throwing items.
Your paws allow you to move quietly. (Stealth)
You have sharp claws.
You have razor-sharp teeth.
You have supernaturally acute eyesight. (SInv)
You are carnivorous and can eat meat at any time.
You cover ground quickly.
You are covered in thick fur. (AC +2)
You have a slow metabolism.
Your sharp claws are effective at attacking unaware monsters.


Message History

The centaur warrior hits you.
* * * LOW HITPOINT WARNING * * *
The centaur warrior misses you.
There is an open door here.
Unknown command.
You mangle the centaur warrior!! You bite the centaur warrior.
The centaur warrior is moderately wounded.
The centaur warrior hits you!
* * * LOW HITPOINT WARNING * * *
The centaur warrior barely misses you.
Unknown command.
You mangle the centaur warrior!!
The centaur warrior is severely wounded.
The centaur warrior barely misses you. The centaur warrior closely misses you.
Unknown command.
You closely miss the centaur warrior. Your claw misses the centaur warrior.
The centaur warrior is severely wounded.
The centaur warrior completely misses you.
The centaur warrior hits you!
You die...

##################
<.#..').#.)'..#__#
..'[.#..'..#..'^J+
..#####'#####+#__####
..# #..# ####?$# ..#
#### #§§§§§# ..#
+§§§§§+ ⌠⌠# #§c§.§#
### ##@#### #§c..#
##+###


You could see 2 centaur warriors.

Vanquished Creatures
  Sigmund (D)
  An ogre (D)
  Ijyb (D)
3 creatures vanquished.

Notes
Turn   | Place    | Note
-------+----------+-------------------------------------------
     0 | D        | doot the Felid Berserker began the quest for the Orb.
     0 | D        | Reached XP level 1. HP: 10/10 MP: 2/2
     1 | D        | Noticed Ijyb
    11 | D        | Killed Ijyb
    11 | D        | Reached skill level 5 in Dodging
    11 | D        | Reached XP level 2. HP: 15/15 MP: 3/3
    51 | D        | Noticed an ogre
    56 | D        | Killed an ogre
    56 | D        | Reached skill level 5 in Fighting
    56 | D        | Reached skill level 8 in Dodging
    56 | D        | Reached XP level 3. HP: 20/20 MP: 4/4
    56 | D        | Reached XP level 4. HP: 24/24 MP: 5/5
    92 | D        | Noticed Sigmund
    98 | D        | Killed Sigmund
    98 | D        | Reached ** piety under Trog
    98 | D        | Reached skill level 10 in Dodging
    98 | D        | Reached XP level 5. HP: 28/28 MP: 6/6
    98 | D        | Gained mutation: You are covered in thick fur. (AC +2)
                  | [Felid growth]
    98 | D        | Reached XP level 6. HP: 33/33 MP: 7/7
   153 | D        | Found a burning altar of Makhleb.
   153 | D        | Found a viscous altar of Jiyva.
   153 | D        | Found a shimmering altar of Xom.
   153 | D        | Found a corrupted altar of Lugonu.
   153 | D        | Noticed a slime creature
   160 | D        | Slain by a slime creature
   161 | D        | Reached XP level 5. HP: -3/42 MP: 6/6
   173 | D        | Noticed a centaur warrior
   173 | D        | Noticed a centaur warrior
   180 | D        | Mangled by a centaur warrior

Skill      XL: |  1  2  3  4 |
---------------+-------------+-----
Fighting       | 4 5 7 |  7.5
Dodging        | 5 8 10 | 10.0
Unarmed Combat | 4 6 8 |  8.4

Action                   |  1- 3 |  4- 6 || total
-------------------------+-------+-------++-------
Melee: Unarmed           |     9 |    10 ||    19
       Bite              |     4 |     1 ||     5
Invok: Berserk           |     2 |     3 ||     5
Dodge: Dodged            |     6 |    11 ||    17
